Map: Troizinia LE

Players

makil

  • Race: Terran Terran
  • Spawn Location: 11:00

Anubis

  • Race: Protoss Protoss
  • Spawn Location: 11:00

MooEsqoo

  • Race: Protoss Protoss
  • Spawn Location: 9:00

MrSkell

  • Race: Protoss Protoss
  • Spawn Location: 12:00

chan

  • Race: Protoss Protoss
  • Spawn Location: 6:00

AnalniyKorol

  • Race: Terran Terran
  • League: Gold
  • Spawn Location: 3:00

JunkRobot

  • Race: Protoss Protoss
  • League: Bronze
  • Spawn Location: 5:00

VladDrakula

  • Race: Protoss Protoss
  • Spawn Location: 5:00

VOD

Have the link to the VOD?

Description

Time

  • Played on: Nov. 25, 2019, 4:03 a.m.
  • Length: 18:39
Show
View Real Time Build Order
Export as new Build Order

makil Terran 

Build Orders:  

Get SALT Encoding   

  12  0:03  SCV  
  13  0:15  SCV  
  13  0:19  Supply Depot  
  14  0:31  SCV  
  15  0:42  Supply Depot  
  15  0:43  SCV  
  16  0:55  SCV  
  17  1:01  Barracks  
  17  1:08  SCV  
  18  1:17  Barracks  
  18  1:20  SCV  
  19  1:26  Supply Depot  
  19  1:50  Orbital Command  
  19  1:51  Barracks  
  19  2:03  Barracks, Marine  
  20  2:09  Marine  
  21  2:21  Marine  
  22  2:27  Marine  
  23  2:34  Refinery  
  23  2:37  Refinery  
  23  2:39  Marine  
  24  2:45  Marine  
  24  2:49  Supply Depot  
  25  3:12  Command Center  
  25  3:13  Supply Depot  
  25  3:23  SCV  
  26  3:30  Command Center  
  26  3:35  SCV  
  27  3:47  SCV  
  28  3:48  Factory  
  28  3:51  Marine x4  
  32  3:59  SCV  
  32  4:02  Supply Depot  
  33  4:08  Marine  
  33  4:09  Marine x3  
  37  4:26  Marine x2  
  39  4:33  Factory  
  39  4:42  Starport  
  39  4:43  Starport  
  39  4:53  SCV  
  39  4:59  SCV  
  41  5:05  SCV x2  
  43  5:11  SCV  
  43  5:14  Refinery  
  44  5:17  SCV x2  
  44  5:19  Refinery  
  46  5:21  Starport  
  46  5:22  Refinery  
  46  5:23  SCV  
  47  5:29  SCV x2  
  50  5:35  SCV  
  50  5:40  Factory Tech Lab x2  
  50  5:41  SCV x2  
  52  5:47  SCV  
  53  5:53  SCV x2  
  53  5:55  Engineering Bay  
  55  5:59  SCV  
  56  6:05  SCV  
  56  6:09  Marine  
  56  6:10  Marine x3  
  61  6:12  SCV  
  61  6:17  SCV  
  63  6:20  Armory  
  63  6:27  Marine  
  63  6:28  Marine x3  
  66  6:45  Marine  
  67  7:04  Viking x3  
  67  7:08  Fusion Core  
  73  7:14  Marine x2  
  73  7:15  Marine x2  
  77  7:25  Terran Infantry Armor Level 1  
  77  7:32  Marine x3  
  77  7:33  Marine  
  77  7:34  Viking x3  
  77  7:35  SCV  
  88  7:40  SCV  
  89  7:46  Refinery  
  89  7:48  SCV  
  89  7:50  Marine x3  
  93  7:56  Ghost Academy  
  93  8:14  Starport Tech Lab  
  93  8:16  Marine  
  93  8:18  SCV  
  93  8:19  SCV  
  92  8:20  Viking  
  92  8:22  Medivac  
  93  8:30  SCV  
  93  8:31  SCV  
  85  8:42  SCV  
  85  8:43  SCV  
  87  8:49  SCV  
  87  8:54  SCV  
  87  8:55  SCV  
  90  8:58  Raven  
  90  9:01  SCV  
  93  9:30  SCV  
  93  9:32  SCV  
  93  9:36  Viking  
  92  9:39  Viking  
  92  9:42  Raven, SCV  
  92  9:44  SCV  
  79  9:55  SCV  
  79  9:56  SCV  
  74  10:06  Viking  
  77  10:07  SCV  
  77  10:09  Viking  
  74  10:28  Battlecruiser  
  80  10:36  Viking  
  80  10:39  Viking  
  76  11:20  Viking  
  76  11:23  Viking  
  80  11:28  Marine x4  
  84  11:33  Battlecruiser  
  86  11:45  Marine  
  86  11:46  Marine x3  
  88  11:50  Viking  
  88  11:53  Viking  
  92  12:03  Marine  
  93  12:19  Starport  
  93  12:20  Starport  
  93  12:41  Marine  
  93  12:43  Marine x2  
  93  12:45  Marine  
  93  12:50  Battlecruiser  
  88  12:57  Starport  
  72  12:59  Marine  
  72  13:00  Starport, Marine  
  72  13:01  Marine  
  72  13:03  Marine  
  68  13:13  Command Center, Starport Tech Lab x2  
  68  13:14  Starport Tech Lab  
  68  13:15  Starport Reactor  
  68  13:16  Marine  
  68  13:18  Marine  
  68  13:19  Marine  
  71  13:21  Marine  
  72  13:34  Marine  
  72  13:36  Starport, Marine  
  72  13:37  Marine  
  72  13:38  Marine  
  76  13:52  Marine  
  76  13:54  Marine  
  76  13:55  Marine  
  79  13:56  Marine  
  80  14:04  Supply Depot x2  
  80  14:05  Supply Depot x2  
  80  14:07  Supply Depot  
  80  14:10  Marine  
  80  14:12  Marine x2  
  80  14:14  Marine  
  84  14:28  Marine  
  84  14:30  Marine x2  
  84  14:31  Command Center  
  87  14:32  Supply Depot, Marine  
  87  14:33  Supply Depot  
  87  14:35  Supply Depot  
  87  14:36  Supply Depot  
  88  14:38  Supply Depot  
  86  14:45  Marine  
  86  14:47  Marine  
  86  14:48  Marine  
  86  14:49  SCV  
  86  14:50  Command Center  
  86  14:52  Command Center  
  81  14:58  Supply Depot  
  81  14:59  Supply Depot, Battlecruiser x3  
  99  15:01  SCV  
  99  15:04  Starport Tech Lab  
  99  15:05  Starport Tech Lab  
  100  15:08  Starport Tech Lab  
  101  15:20  Viking  
  101  15:21  Viking  
  101  15:47  SCV  
  102  15:58  Refinery  
  102  15:59  Refinery  
  102  16:00  SCV  
  103  16:05  SCV  
  104  16:12  SCV  
  104  16:17  SCV  
  106  16:20  Battlecruiser  
  106  16:24  SCV  
  113  16:29  SCV  
  113  16:30  SCV  
  115  16:36  SCV  
  116  16:40  SCV  
  116  16:41  SCV  
  116  16:42  SCV  
  119  16:47  Refinery  
  119  16:53  SCV x2  
  119  16:54  Refinery  
  113  16:55  Refinery, SCV  
  93  17:05  SCV x2  
  93  17:07  SCV  
  58  17:17  SCV x2  
  58  17:19  SCV  
  61  17:29  Viking, SCV x2  
  83  17:36  Marine x4  
  87  17:41  SCV  
  88  17:52  SCV  
  93  18:04  SCV  
  78  18:16  SCV  
Show
View Real Time Build Order
Export as new Build Order

Anubis Protoss 

Build Orders:  

Get SALT Encoding   

    10:31  Probe  
  1  12:26  Probe  
  2  12:38  Probe  
  3  12:50  Probe  
  4  13:02  Probe  
Show
View Real Time Build Order
Export as new Build Order

MooEsqoo Protoss 

Build Orders:  

Get SALT Encoding   

  12  0:02  Probe  
  13  0:22  Pylon  
  13  0:24  Probe  
  14  0:36  Probe  
  14  0:42  Gateway  
  15  0:48  Assimilator  
  15  1:00  Probe (Chrono Boost)  
  17  1:11  Probe (Chrono Boost)  
  17  1:16  Probe (Chrono Boost)  
  18  1:29  Probe  
  19  1:32  Cybernetics Core  
  19  1:46  Pylon  
  19  1:53  Nexus  
  19  1:58  Probe  
  20  2:03  Assimilator  
  20  2:09  Stalker (Chrono Boost)  
  20  2:13  Warp Gate  
  22  2:21  Probe  
  23  2:31  Stalker  
  23  2:33  Probe  
  26  2:45  Probe  
  27  2:56  Shield Battery  
  27  2:58  Pylon  
  27  3:01  Assimilator  
  27  3:04  Stalker  
  27  3:05  Assimilator  
  29  3:08  Probe x2  
  31  3:20  Probe x2  
  33  3:32  Probe x2  
  33  3:34  Stalker  
  37  3:43  Gateway  
  37  3:45  Stargate  
  37  3:47  Gateway  
  37  3:50  Probe  
  37  3:51  Probe  
  39  4:03  Probe x2  
  41  4:15  Probe x2  
  43  4:27  Probe x2  
  43  4:28  Robotics Facility  
  45  4:39  Stalker x2  
  45  4:44  Nexus  
  49  4:46  Pylon  
  49  4:50  Stalker  
  51  4:56  Probe x2  
  53  5:04  Oracle  
  56  5:08  Probe x2, Pylon  
  56  5:10  Pylon  
  56  5:12  Pylon  
  56  5:13  Shield Battery  
  56  5:14  Pylon  
  58  5:15  Shield Battery, Pylon  
  58  5:17  Shield Battery  
  58  5:20  Shield Battery  
  58  5:23  Assimilator  
  58  5:26  Probe x2  
  58  5:27  Assimilator  
  60  5:29  Pylon  
  60  5:35  Observer  
  61  5:38  Probe x2  
  61  5:42  Stalker x2  
  65  5:43  Stalker  
  69  5:56  Immortal  
  73  6:00  Probe  
  73  6:02  Probe x2  
  76  6:12  Probe  
  76  6:14  Probe x2  
  79  6:19  Stalker x3  
  79  6:24  Probe  
  86  6:26  Probe x2  
  86  6:28  Phoenix (Chrono Boost)  
  90  6:36  Probe  
  90  6:38  Probe x2  
  93  6:43  Warp Prism  
  93  6:44  Phoenix (Chrono Boost)  
  97  6:49  Stalker x3  
  103  6:57  Gateway  
  103  6:59  Gateway  
  103  7:01  Probe x2  
  103  7:02  Probe  
  106  7:13  Probe x2  
  106  7:14  Phoenix, Probe  
  111  7:18  Stalker x2  
  111  7:19  Sentry  
  111  7:21  Immortal (Chrono Boost)  
  117  7:25  Probe  
  117  7:26  Probe  
  123  7:40  Forge  
  123  7:41  Twilight Council  
  123  7:44  Phoenix  
  125  8:01  Pylon x2  
  125  8:04  Pylon  
  125  8:05  Pylon  
  125  8:07  Pylon  
  125  8:19  Observer  
  126  8:58  Stalker x3  
  126  8:59  Sentry x2  
  130  9:11  Probe x2  
  130  9:12  Probe  
  130  9:16  Blink, Protoss Ground Weapons Level 1  
  133  9:19  Phoenix (Chrono Boost)  
  133  9:23  Probe  
  133  9:24  Probe x2  
  138  9:25  Observer (Chrono Boost)  
  138  9:30  Stalker x5  
  149  9:35  Phoenix (Chrono Boost)  
  151  9:39  Immortal (Chrono Boost)  
  155  9:59  Phoenix  
  157  10:08  Pylon  
  157  10:10  Pylon  
  157  10:12  Pylon  
  157  10:14  Pylon  
  157  10:15  Pylon  
  157  10:16  Pylon  
  157  10:24  Phoenix, Immortal (Chrono Boost)  
  163  10:30  Stalker x3  
  163  10:31  Stalker  
  171  10:38  Sentry  
  173  10:49  Phoenix (Chrono Boost)  
  175  11:10  Immortal  
  175  11:11  Phoenix (Chrono Boost)  
  179  11:12  Stalker x5  
  191  11:29  Phoenix  
  193  11:54  Phoenix  
  195  12:11  Stalker  
  195  12:12  Sentry  
  151  13:08  Stalker  
  151  13:09  Stalker x4  
  161  13:24  Fleet Beacon  
  161  13:28  Stargate  
  161  13:35  Stalker x3, Stargate  
  161  13:36  Stalker  
  161  13:37  Stalker  
  161  13:38  Stargate  
  171  13:56  Shield Battery  
  171  13:57  Shield Battery  
  171  14:09  Photon Cannon  
  171  14:12  Photon Cannon  
  171  14:16  Photon Cannon  
  171  14:18  Shield Battery  
  171  14:19  Pylon  
  171  14:24  Tempest (Chrono Boost)  
  171  14:28  Tempest x3 (Chrono Boost)  
  191  14:42  Protoss Air Weapons Level 1  
  191  14:53  Tempest (Chrono Boost)  
  196  15:24  Observer (Chrono Boost)  
  146  17:07  Stalker x4  
  146  17:08  Stalker  
  28  17:52  Nexus  
  4  18:17  Nexus  
Show
View Real Time Build Order
Export as new Build Order

MrSkell Protoss 

Build Orders:  

Get SALT Encoding   

  12  0:24  Pylon  
  12  0:28  Probe  
  13  0:40  Probe  
  14  0:48  Assimilator  
  14  0:53  Probe  
  14  0:55  Assimilator  
  15  1:01  Gateway  
  15  1:05  Probe  
  16  1:17  Probe  
  17  1:29  Probe  
  18  1:41  Probe  
  19  1:53  Probe  
  20  1:55  Cybernetics Core  
  20  2:15  Pylon  
  20  2:18  Pylon  
  20  2:22  Pylon  
  20  2:26  Pylon  
  20  2:37  Pylon  
  20  2:47  Probe  
  20  2:48  Protoss Air Weapons Level 1  
  21  3:00  Probe (Chrono Boost)  
  22  3:12  Probe (Chrono Boost)  
  23  3:13  Nexus  
  23  3:31  Pylon  
  23  3:45  Stargate  
  23  3:47  Stargate  
  23  3:58  Assimilator  
  23  4:02  Assimilator  
  23  4:25  Probe  
  23  4:26  Nexus  
  24  4:37  Probe  
  25  4:49  Probe  
  25  4:52  Forge  
  26  4:58  Stargate  
  26  4:59  Stargate  
  26  5:13  Void Ray  
  30  5:19  Probe  
  31  5:31  Probe  
  31  5:35  Probe  
  30  5:43  Probe  
  30  5:44  Assimilator  
  30  5:48  Assimilator  
  7  6:19  Probe  
  7  6:24  Probe  
  9  6:37  Probe  
  6  6:49  Probe  
  6  6:53  Probe  
  8  7:01  Probe  
  8  7:04  Pylon  
  8  7:05  Probe  
  10  7:13  Probe, Pylon  
  11  7:17  Probe  
  11  7:26  Probe  
  11  7:27  Pylon  
  12  7:31  Photon Cannon  
  12  7:36  Photon Cannon  
  10  7:38  Probe  
  9  8:12  Photon Cannon  
  9  8:14  Photon Cannon  
  9  8:17  Photon Cannon  
  9  8:19  Pylon  
  9  8:20  Pylon  
  9  8:31  Pylon  
  9  8:44  Probe  
  10  9:03  Probe  
  11  9:31  Probe  
  12  9:43  Probe  
  13  10:08  Photon Cannon  
  13  10:27  Probe  
  14  10:39  Probe  
  11  10:51  Probe  
  6  11:22  Probe  
  7  11:34  Probe  
  8  12:00  Probe  
  9  12:22  Probe  
  10  12:34  Probe  
  11  12:46  Probe  
  12  12:54  Probe  
  13  12:59  Probe  
  14  13:06  Probe  
  14  13:11  Probe  
  16  13:18  Probe  
  17  13:23  Probe  
  18  13:30  Probe  
  19  13:35  Probe  
  20  13:42  Probe  
  20  13:47  Probe  
  22  13:54  Probe  
  23  13:59  Probe  
  24  14:04  Void Ray  
  24  14:06  Probe  
  29  14:11  Probe  
  30  14:20  Void Ray  
  30  14:23  Probe  
  35  14:31  Void Ray  
  35  14:35  Probe  
  40  14:47  Probe  
  40  14:48  Void Ray  
  45  14:57  Probe  
  46  15:04  Probe  
  47  15:09  Probe  
  48  15:16  Probe  
  48  15:21  Probe  
  50  15:33  Probe  
  50  15:35  Probe  
  52  15:45  Void Ray x2, Probe  
  61  15:57  Probe  
  62  16:09  Probe  
  63  16:22  Assimilator  
  63  16:27  Protoss Air Armor Level 1  
  63  16:44  Void Ray  
  67  16:49  Probe  
  68  16:56  Assimilator  
  68  17:00  Probe, Assimilator  
  69  17:01  Probe  
  70  17:12  Probe  
  70  17:13  Probe  
  72  17:24  Probe  
  73  17:34  Void Ray  
  77  17:48  Probe  
  78  18:15  Pylon  
  78  18:18  Pylon  
  78  18:20  Pylon  
  78  18:23  Pylon  
  78  18:25  Pylon  
  78  18:27  Pylon  
Show
View Real Time Build Order
Export as new Build Order

chan Protoss 

Build Orders:  

Get SALT Encoding   

  12  0:01  Probe (Chrono Boost)  
  13  0:13  Probe (Chrono Boost)  
  14  0:25  Pylon  
  14  0:29  Probe  
  15  0:43  Probe  
  16  0:52  Gateway  
  16  0:58  Pylon  
  16  1:01  Assimilator  
  16  1:03  Probe  
  17  1:21  Forge  
  17  1:25  Probe  
  18  1:34  Pylon  
  18  1:41  Cybernetics Core  
  18  1:43  Probe (Chrono Boost)  
  19  1:52  Assimilator  
  19  1:53  Probe (Chrono Boost)  
  20  1:58  Probe (Chrono Boost)  
  21  2:08  Photon Cannon  
  21  2:21  Probe  
  22  2:34  Nexus  
  22  2:42  Probe  
  23  2:58  Protoss Air Weapons Level 1 (Chrono Boost)  
  23  2:59  Probe  
  24  3:11  Pylon  
  24  3:15  Pylon  
  24  3:21  Pylon  
  24  3:26  Pylon  
  24  3:28  Probe (Chrono Boost)  
  25  3:39  Probe (Chrono Boost)  
  26  3:43  Probe (Chrono Boost), Stargate  
  27  3:50  Stargate  
  27  3:54  Probe  
  28  4:01  Stargate  
  28  4:06  Probe (Chrono Boost)  
  29  4:16  Probe (Chrono Boost)  
  31  4:17  Probe (Chrono Boost)  
  31  4:24  Probe (Chrono Boost)  
  33  4:25  Probe (Chrono Boost)  
  33  4:28  Probe (Chrono Boost)  
  34  4:33  Probe  
  34  4:34  Protoss Shields Level 1  
  35  4:39  Probe  
  36  4:52  Phoenix  
  38  4:59  Protoss Air Armor Level 1  
  38  5:01  Assimilator  
  38  5:05  Assimilator  
  38  5:07  Photon Cannon  
  38  5:10  Photon Cannon  
  38  5:13  Photon Cannon  
  38  5:15  Pylon  
  38  5:22  Photon Cannon  
  38  5:24  Photon Cannon  
  38  5:27  Photon Cannon  
  38  5:32  Probe  
  38  5:35  Phoenix  
  41  5:42  Phoenix  
  43  5:44  Probe  
  43  5:47  Phoenix  
  46  6:03  Phoenix  
  48  6:12  Phoenix  
  48  6:17  Fleet Beacon  
  50  6:36  Nexus  
  50  6:40  Pylon  
  50  6:45  Probe x2  
  52  6:56  Phoenix  
  52  6:57  Probe x2  
  56  7:09  Probe  
  56  7:10  Probe  
  56  7:12  Phoenix  
  56  7:13  Phoenix  
  62  7:18  Anion Pulse-Crystals  
  62  7:28  Protoss Air Weapons Level 2  
  62  7:32  Probe  
  62  7:33  Probe  
  64  7:39  Phoenix x2  
  64  7:41  Phoenix  
  70  8:04  Probe x2  
  70  8:05  Probe  
  73  8:09  Assimilator  
  73  8:14  Assimilator  
  73  8:16  Probe, Pylon  
  74  8:23  Pylon  
  74  8:30  Photon Cannon  
  74  8:39  Probe x2  
  76  9:17  Stargate  
  76  9:19  Stargate  
  76  9:20  Pylon  
  76  9:27  Void Ray  
  76  9:28  Void Ray x2  
  88  9:38  Photon Cannon  
  88  9:40  Photon Cannon  
  88  9:46  Photon Cannon  
  88  9:58  Nexus  
  88  10:03  Probe x3  
  91  10:10  Void Ray x2  
  91  10:11  Void Ray x3  
  111  10:29  Twilight Council  
  111  10:31  Protoss Air Armor Level 2 (Chrono Boost)  
  111  10:53  Void Ray x4  
  127  11:01  Probe x3  
  130  11:11  Pylon  
  130  11:14  Shield Battery  
  130  11:17  Pylon  
  130  11:25  Pylon  
  130  11:27  Pylon  
  130  11:29  Pylon  
  130  11:38  Assimilator  
  130  11:39  Void Ray  
  130  11:40  Void Ray x3  
  130  11:41  Phoenix  
  130  11:47  Photon Cannon  
  148  11:59  Protoss Shields Level 2 (Chrono Boost)  
  148  12:13  Robotics Facility  
  148  12:30  Shield Battery  
  148  12:36  Photon Cannon  
  148  12:38  Photon Cannon  
  148  12:40  Photon Cannon  
  148  12:45  Photon Cannon  
  148  12:46  Photon Cannon  
  148  12:49  Shield Battery  
  148  12:50  Pylon  
  148  12:54  Shield Battery  
  148  12:55  Pylon  
  148  13:14  Void Ray x5  
  168  13:28  Observer  
  168  13:32  Protoss Air Weapons Level 3 (Chrono Boost)  
  169  13:40  Assimilator  
  169  13:49  Observer  
  170  13:57  Void Ray  
  174  14:10  Observer  
  174  15:29  Void Ray  
  174  15:30  Void Ray x4  
  193  16:00  Observer  
  194  16:12  Void Ray  
  198  16:22  Observer  
Show
View Real Time Build Order
Export as new Build Order

AnalniyKorol Terran 

Build Orders: 1/1/1, Banshee Rush 

Get SALT Encoding   

  12  0:01  SCV  
  13  0:14  SCV  
  14  0:24  Supply Depot  
  14  0:26  SCV  
  15  0:32  Refinery  
  15  0:36  Refinery  
  15  0:48  Barracks  
  15  0:51  SCV  
  16  1:03  SCV  
  17  1:15  SCV  
  18  1:28  SCV  
  19  1:36  Factory  
  19  1:40  Supply Depot, SCV  
  19  1:45  Barracks Reactor  
  20  1:52  SCV  
  22  2:10  Orbital Command  
  21  2:29  Starport  
  21  2:31  Starport  
  21  2:35  Factory Tech Lab  
  21  2:37  SCV  
  22  2:49  SCV  
  23  3:06  Factory Tech Lab  
  23  3:09  Starport Tech Lab  
  23  3:12  Marine x2  
  25  3:20  Cloaking Field  
  25  3:25  Banshee  
  28  3:30  Hyperflight Rotors  
  30  3:40  Banshee  
  31  3:48  Supply Depot  
  31  3:50  Supply Depot  
  31  3:51  Supply Depot  
  31  4:09  Banshee  
  34  4:23  Banshee  
  37  4:52  Siege Tank  
  40  4:58  Marine x2  
  42  5:07  Command Center  
  42  5:08  Supply Depot  
  42  5:15  Marine  
  42  5:16  Marine  
  44  5:33  Marine x2  
  46  6:57  Orbital Command  
  46  7:14  Command Center  
  46  7:20  Orbital Command  
  34  9:14  Fusion Core  
  34  9:24  Armory  
  34  9:26  Armory  
  34  9:28  Starport  
  34  9:30  Starport  
  34  9:34  SCV x2  
  34  9:37  Orbital Command  
  34  9:38  Refinery x2  
  42  9:46  SCV x2  
  38  9:58  SCV x2  
  40  10:03  Starport  
  40  10:06  Starport, SCV  
  41  10:10  SCV x2  
  43  10:15  Starport Reactor  
  43  10:16  Starport Tech Lab x2  
  43  10:18  Weapon Refit, SCV  
  44  10:22  SCV  
  44  10:23  SCV  
  46  10:31  SCV  
  46  10:33  Engineering Bay  
  46  10:34  SCV  
  46  10:35  SCV  
  49  10:39  Terran Vehicle And Ship Armor Level 1, Terran Ship Weapons Level 1  
  49  10:40  Supply Depot x2  
  49  10:41  Supply Depot  
  49  10:42  Supply Depot x2, Starport Tech Lab  
  49  10:43  SCV  
  49  10:44  Starport Tech Lab  
  49  10:46  SCV  
  49  10:47  SCV  
  52  10:55  SCV  
  53  11:06  Supply Depot, Battlecruiser x2  
  53  11:07  Supply Depot x2, Battlecruiser  
  53  11:09  Supply Depot  
  77  11:11  Battlecruiser  
  77  11:13  SCV  
  77  11:14  SCV x2  
  80  11:25  Refinery  
  80  11:26  SCV x3  
  80  11:29  Refinery  
  83  11:38  SCV x2  
  85  11:49  Battlecruiser  
  91  12:02  Missile Turret  
  91  12:05  Hi-Sec Auto Tracking  
  91  12:09  Missile Turret  
  91  12:11  Battlecruiser  
  103  12:30  Battlecruiser  
  103  12:40  Command Center  
  97  13:13  Battlecruiser x2  
  109  13:32  Battlecruiser  
  115  13:52  Orbital Command  
  116  14:02  SCV  
  116  14:03  SCV x2  
  118  14:10  Supply Depot  
  118  14:11  Battlecruiser  
  118  14:12  Supply Depot, Refinery  
  118  14:13  Supply Depot, Refinery  
  118  14:15  SCV x3  
  127  14:27  SCV x3  
  130  14:40  Battlecruiser x2  
  142  14:49  Terran Ship Weapons Level 2, Terran Vehicle And Ship Armor Level 2  
  142  15:10  Battlecruiser  
  148  15:17  Command Center  
  148  15:18  Refinery  
  148  15:19  Refinery  
  154  15:21  Battlecruiser  
  154  15:46  Command Center  
  154  15:50  Battlecruiser, Command Center  
  154  15:55  Battlecruiser  
  166  16:31  Battlecruiser  
  166  16:32  Battlecruiser  
  178  17:47  Orbital Command  
Show
View Real Time Build Order
Export as new Build Order

JunkRobot Protoss 

Build Orders: Forge Fast Expand (FFE) 

Get SALT Encoding   

  12  0:03  Probe  
  13  0:25  Pylon  
  13  0:28  Probe (Chrono Boost)  
  14  0:38  Probe (Chrono Boost)  
  15  0:43  Probe (Chrono Boost)  
  16  0:57  Forge  
  16  1:05  Probe  
  17  1:17  Probe  
  18  1:20  Nexus  
  18  1:37  Assimilator  
  18  1:41  Probe  
  18  1:42  Assimilator  
  19  1:53  Probe (Chrono Boost)  
  20  1:54  Photon Cannon  
  20  1:57  Photon Cannon  
  20  2:05  Probe (Chrono Boost)  
  21  2:16  Gateway x2  
  21  2:29  Gateway  
  21  2:36  Probe x2  
  23  2:45  Pylon  
  23  2:48  Probe  
  23  2:49  Probe  
  25  3:04  Probe x2  
  27  3:06  Zealot  
  29  3:17  Cybernetics Core  
  29  3:18  Zealot  
  31  3:24  Zealot  
  31  3:26  Probe  
  34  3:28  Probe  
  35  3:39  Pylon  
  35  3:43  Zealot  
  37  3:56  Warp Gate  
  37  4:06  Twilight Council  
  37  4:08  Stalker  
  39  4:11  Stalker  
  39  4:13  Probe x2  
  43  4:24  Robotics Facility  
  43  4:27  Stargate  
  43  4:34  Assimilator  
  43  4:35  Probe (Chrono Boost)  
  43  4:36  Probe (Chrono Boost)  
  43  4:37  Assimilator  
  45  4:42  Stalker  
  45  4:45  Probe x2 (Chrono Boost)  
  49  4:58  Pylon  
  49  5:05  Charge (Chrono Boost)  
  49  5:09  Pylon  
  49  5:14  Zealot x2  
  49  5:16  Zealot  
  55  5:23  Probe x2  
  57  5:35  Probe  
  58  5:36  Probe  
  59  5:47  Warp Prism  
  61  5:50  Void Ray  
  65  6:06  Photon Cannon  
  65  6:08  Photon Cannon  
  65  6:12  Photon Cannon  
  65  6:21  Stalker  
  65  6:25  Photon Cannon  
  67  6:27  Photon Cannon  
  67  6:29  Photon Cannon, Probe  
  67  6:31  Photon Cannon  
  68  6:37  Photon Cannon  
  68  6:41  Probe  
  69  6:53  Probe  
  70  7:08  Gateway  
  70  7:10  Gateway  
  70  7:12  Gateway  
  70  7:17  Gateway  
  70  7:31  Dark Shrine  
  70  7:39  Pylon  
  70  7:42  Pylon  
  70  7:45  Pylon  
  70  7:57  Void Ray  
  74  8:00  Blink  
  74  8:40  Pylon  
  74  8:41  Pylon  
  74  8:42  Pylon  
  74  9:15  Zealot  
  74  9:16  Zealot  
  78  9:17  Dark Templar  
  78  9:20  Dark Templar  
  78  9:21  Dark Templar x2  
  86  9:29  Stalker  
  57  10:29  Zealot  
  57  10:30  Zealot x2  
  57  10:31  Zealot  
  57  10:32  Zealot x2  
  57  10:33  Zealot  
  69  10:56  Stalker  
  67  10:57  Stalker x2  
  67  10:58  Stalker  
  67  10:59  Stalker x2  
  67  11:00  Stalker  
  71  11:21  Zealot  
  71  11:22  Zealot x2  
  71  11:23  Zealot  
  71  11:24  Zealot x2  
  71  11:25  Zealot  
  55  12:00  Stalker  
  57  12:01  Stalker  
  57  12:02  Stalker  
  57  12:03  Stalker  
  63  12:13  Forge x2  
  63  12:19  Protoss Shields Level 1  
  63  13:28  Protoss Ground Armor Level 1, Protoss Ground Weapons Level 1  
  63  13:32  Stalker x2  
  63  13:33  Stalker  
  63  13:34  Stalker x2  
  71  13:36  Stalker x2  
  71  13:40  Void Ray, Immortal  
  85  13:48  Nexus  
  85  14:12  Stargate  
  85  14:16  Stargate  
  85  14:18  Stargate x2  
  85  14:55  Pylon  
  85  15:03  Stalker  
  85  15:04  Stalker  
  85  15:05  Stalker  
  85  15:06  Stalker  
  93  15:07  Stalker  
  93  15:08  Stalker  
  93  15:09  Stalker  
  93  15:13  Protoss Shields Level 2  
  99  15:33  Probe x2  
  99  15:34  Probe  
  102  15:38  Void Ray x3  
  114  15:45  Probe x2  
  114  15:46  Probe, Pylon  
  114  15:48  Pylon  
  117  15:55  Pylon  
  117  16:04  Void Ray, Probe x3  
  117  16:06  Void Ray  
  128  16:16  Probe  
  128  16:17  Probe  
  130  16:20  Void Ray  
  130  16:21  Void Ray  
  138  16:30  Nexus  
  138  16:34  Assimilator x2  
  138  16:55  Void Ray  
  140  17:15  Void Ray  
  140  17:19  Void Ray  
  140  17:42  Void Ray x3, Immortal  
  156  17:48  Pylon  
  156  17:49  Pylon  
  156  17:50  Pylon  
  156  17:55  Pylon x2  
  156  18:06  Assimilator  
  156  18:09  Assimilator  
Show
View Real Time Build Order
Export as new Build Order

VladDrakula Protoss 

Build Orders:  

Get SALT Encoding   

  12  0:13  Pylon  
  12  0:20  Assimilator  
  12  0:25  Assimilator  
  12  1:18  Gateway  
  12  1:20  Probe  
  13  1:32  Probe  
  14  1:44  Probe  
  15  1:57  Probe  
  16  2:09  Probe (Chrono Boost)  
  17  2:21  Probe (Chrono Boost)  
  18  2:29  Probe (Chrono Boost)  
  22  2:37  Zealot  
  22  2:38  Probe (Chrono Boost)  
  22  2:44  Probe (Chrono Boost)  
  23  2:51  Pylon  
  23  3:10  Probe, Zealot  
  26  3:22  Probe  
  26  3:24  Pylon  
  27  3:30  Cybernetics Core  
  27  3:32  Forge  
  27  4:08  Stalker (Chrono Boost)  
  29  4:36  Stalker (Chrono Boost)  
  31  4:45  Twilight Council  
  31  4:49  Stargate  
  31  4:57  Robotics Facility  
  31  4:58  Robotics Facility, Stalker (Chrono Boost)  
  33  5:19  Stalker (Chrono Boost)  
  35  5:48  Stalker  
  37  6:02  Pylon  
  37  6:04  Charge  
  37  6:21  Immortal x2  
  45  7:21  Pylon  
  45  7:28  Fleet Beacon  
  45  7:40  Immortal x2  
  53  8:56  Nexus  
  53  9:04  Nexus  
  53  9:11  Pylon  
  53  9:15  Pylon  
  53  9:19  Pylon  
  53  9:24  Pylon  
  53  9:39  Protoss Ground Weapons Level 1  
  53  9:45  Mothership  
  61  9:53  Tempest  
  66  10:04  Protoss Air Weapons Level 1  
  66  10:24  Photon Cannon  
  66  10:25  Photon Cannon  
  66  10:30  Photon Cannon  
  66  10:34  Shield Battery  
  66  10:36  Tempest  
  66  10:41  Probe  
  72  10:53  Probe  
  73  11:05  Probe  
  74  11:45  Photon Cannon  
  74  11:47  Photon Cannon  
  74  11:48  Protoss Ground Armor Level 1, Photon Cannon  
  74  11:51  Shield Battery  
  74  11:57  Photon Cannon  
  74  11:59  Photon Cannon  
  74  12:00  Photon Cannon  
  74  12:02  Shield Battery  
  74  12:13  Protoss Air Armor Level 1  
  58  13:24  Photon Cannon  
  58  13:26  Photon Cannon  
  58  13:28  Photon Cannon  
  58  13:30  Photon Cannon  
  58  13:35  Photon Cannon  
  58  13:36  Photon Cannon  
  58  13:38  Photon Cannon  
  58  13:39  Photon Cannon  
  58  13:41  Photon Cannon  
  58  13:56  Protoss Shields Level 1  
  58  14:14  Mothership  
  66  14:33  Robotics Bay  
  66  15:03  Probe  
  67  15:09  Probe  
  68  15:15  Probe  
  70  15:21  Probe  
  70  15:27  Probe  
  71  15:33  Probe  
  72  15:39  Probe  
  73  15:45  Probe  
  74  15:51  Probe  
  75  15:57  Probe  
  76  16:18  Probe  
  76  16:23  Colossus  
  76  16:24  Colossus  
  89  16:30  Probe  
  90  16:42  Probe  
  91  16:51  Pylon  
  91  16:53  Pylon  
  91  17:17  Colossus x2  
  91  17:20  Gateway x2  
  103  17:22  Gateway  
  103  17:24  Gateway  
  103  17:27  Gateway  
  103  17:29  Gateway  
  103  17:31  Gateway  
  103  17:34  Gateway  
  103  17:35  Gateway  
  103  17:39  Gateway  
  103  17:43  Gateway  
  103  17:48  Gateway  
  103  17:49  Gateway  
  103  17:55  Gateway  
  103  17:56  Gateway  
Tags
 
Add a new tag
Caveats
  • Supply blocks, unpowered buildings, or Contaminate may cause inaccurate times.
  • Supply counts are checked every 10 seconds.